 Dungeon Crawl Stone Soup version 0.28.0 (webtiles) character file.

Game seed: 3304471969219244200

23 BorgnjorsVileCrotch the Chiller (level 3, 0/24 HPs)
             Began as a Barachi Ice Elementalist on Feb 8, 2022.
             Slain by a kobold brigand (8 damage)
             ... on level 3 of the Dungeon.
             The game lasted 00:02:34 (405 turns).

BorgnjorsVileCrotch the Chiller (BaIE)               Turns: 405, Time: 00:02:34

Health: 0/24       AC:  2    Str:  9    XL:     3   Next: 0%
Magic:  3/6        EV: 12    Int: 23    God:
Gold:   51         SH:  0    Dex: 12    Spells: 5/6 levels left

rFire   . . .      SeeInvis .   b - +0 war axe
rCold   . . .      Faith    .   (no shield)
rNeg    . . .      Spirit   .   a - +0 robe
rPois   .          Reflect  .   (no helmet)
rElec   .          Harm     .   (no cloak)
rCorr   .          Rampage  .   (no gloves)
Will    .....                   (no boots)
Stlth   ++........              (no amulet)
HPRegen 0.08/turn               e - +6 ring of intelligence
MPRegen 0.10/turn               (no ring)

@: slow
A: amphibious, slowness 1, strong legs 1, +LOS
a: Hop


You were on level 3 of the Dungeon.
You visited 1 branch of the dungeon, and saw 3 of its levels.

You collected 51 gold pieces.

Inventory:

Hand Weapons
 b - a +0 war axe (weapon)
   (You found it on level 1 of the Dungeon)
Armour
 a - a +0 robe (worn)
Jewellery
 e - a +6 ring of intelligence (left hand)
   (You found it on level 1 of the Dungeon)
Scrolls
 c - a scroll of enchant armour {unknown}
 g - a scroll of magic mapping {unknown}
Potions
 d - a potion of lignification {unknown}
 f - 2 potions of invisibility {unknown}


   Skills:
 - Level 2.1 Dodging
 - Level 1.7 Stealth
 - Level 2.1 Spellcasting
 + Level 5.9 Ice Magic


You had 5 spell levels left.
You knew the following spells:

 Your Spells              Type           Power      Damage    Failure   Level
a - Freeze                Ice            100%       1d11      1%          1

Your spell library contained the following spells:

 Spells                   Type           Power      Damage    Failure   Level
 Frozen Ramparts          Ice            58%        1d7       3%          3
 Ozocubu's Armour         Ice            29%        N/A       3%          3
 Animate Skeleton         Necr           4%         N/A       13%         1
 Apportation              Tloc           4%         N/A       13%         1
 Summon Small Mammal      Summ           8%         N/A       13%         1
 Hailstorm                Conj/Ice       16%        3d6       36%         4
 Ice Form                 Ice/Tmut       16%        N/A       36%         4
 Simulacrum               Ice/Necr       8%         N/A       99%         6


Dungeon Overview and Level Annotations

Branches:
Dungeon (3/15)

Altars:

Annotations:
D:3 Sigmund


Innate Abilities, Weirdness & Mutations

You are amphibious.
You cover ground slowly.
You can hop short distances.
You have an extended range of vision and can be seen from far away.


Message History

There is a stone staircase leading down here.
A rat comes into view.
Found an escape hatch in the floor.
There is a stone staircase leading down here.
The kobold shouts!
The ball python hisses angrily.
You climb downwards.
Found 2 fuming clear potions.
There is a stone staircase leading up here.
You see here 2 fuming clear potions.
f - 2 fuming clear potions The frilled lizard hisses angrily.
The frilled lizard bites you.
You hit the frilled lizard.
You kill the frilled lizard!
Found an escape hatch in the floor.
A giant cockroach comes into view.
Found a stone staircase leading up.
The helpless giant cockroach fails to defend itself.
You hit the giant cockroach but do no damage.
The giant cockroach closely misses you.
You hit the giant cockroach.
The giant cockroach is severely wounded.
The giant cockroach closely misses you. x2
You hit the giant cockroach.
You kill the giant cockroach!
A bat comes into view.
You see here a giant cockroach corpse.
The bat barely misses you. The bat hits you but does no damage.
The bat barely misses you.
You slash the bat!
You kill the bat!
There is a stone staircase leading up here.
You climb upwards.
There is a stone staircase leading down here.
You climb downwards.
There is a stone staircase leading up here.
An endoplasm comes into view.
Found a robe.
Found an escape hatch in the ceiling.
An endoplasm comes into view.
The endoplasm quivers.
You barely miss the endoplasm. The endoplasm misses you.
The endoplasm barely misses you.
You hit the endoplasm.
The endoplasm is almost dead.
The endoplasm freezes you.
You are frozen.
You slash the endoplasm!
You kill the endoplasm!
An orc comes into view. It is wielding a +0 club.
A frilled lizard comes into view.
Found a scroll labelled VAWONWECREI.
The orc shouts!
The frilled lizard hisses angrily.
There is an escape hatch in the ceiling here.
You see here a scroll labelled VAWONWECREI.
g - a scroll labelled VAWONWECREI
Casting: Freeze (safe; 1% risk of failure)
Confirm with . or Enter, or press ? or * to list all spells.
Aiming: Freeze (safe; 1% risk of failure)
Press: ? - help, Shift-Dir - straight line, f - frilled lizard
Aim: a frilled lizard You freeze the frilled lizard.
You kill the frilled lizard!
You barely miss the orc. The orc closely misses you.
Casting: Freeze (safe; 1% risk of failure)
Confirm with . or Enter, or press ? or * to list all spells.
Aiming: Freeze (safe; 1% risk of failure)
Press: ? - help, Shift-Dir - straight line, f - orc
Aim: an orc, wielding a +0 club and wearing a +0 scale mail You freeze the orc!
You kill the orc!
You have reached level 3!
Your experience leads to an increase in your attributes!
Your base attributes are Str 9, Int 15, Dex 12.
Increase (s)trength, (i)ntelligence, or (d)exterity?
You feel clever. x2
A kobold brigand comes into view. It is wielding a +0 dagger.
Found a stone staircase leading down.
The kobold brigand shouts!
The kobold brigand unwields a +0 dagger.
The kobold brigand wields a +0 hand crossbow.
The kobold brigand shoots a bolt.
The bolt hits you!
Found a gnarled runed staff.
Sigmund the Dreaded comes into view.
He is wielding a +0 scythe.
Sigmund gestures at you while chanting. The puff of flame misses you.
Casting: Freeze (safe; 1% risk of failure)
Confirm with . or Enter, or press ? or * to list all spells.
Aiming: Freeze (safe; 1% risk of failure)
Press: ? - help, Shift-Dir - straight line, f - kobold brigand
Aim: a kobold brigand, wielding a +0 hand crossbow and quivering bolts You freeze the kobold brigand.
The kobold brigand is lightly wounded.
The kobold brigand unwields a +0 hand crossbow.
The kobold brigand wields a +0 dagger.
The kobold brigand hits you with a +0 dagger.
You hit the kobold brigand but do no damage.
The kobold brigand is lightly wounded.
The kobold brigand hits you with a +0 dagger!
You die...

.|... #. #...# # #.#
#...# .# #.# #...# .#
#.# #...##.## . #o#
#...#...##.# #.#
#.....>@...# #.#
#.#.......#
####.#####@#........
#.....)....K.......#
#.##<#####.........# #.#
#.......... # #.#
#.......... ###.# #.#
#..........
......##.#####...##.###.
.................. ...
....[.......##.#.## ##.


You could see a kobold brigand.

Vanquished Creatures
  An orc (D:3)
  2 bats
  2 endoplasms
  A giant cockroach (D:3)
  A goblin (D:1)
  A hobgoblin (D:1)
  3 jackals (D:1)
  3 kobolds (D:1)
  A quokka (D:1)
  3 frilled lizards
  A rat (D:1)
19 creatures vanquished.

Notes
Turn   | Place    | Note
-------+----------+-------------------------------------------
     0 | D:1      | BorgnjorsVileCrotch the Barachi Ice Elementalist began the
                  | quest for the Orb.
     0 | D:1      | Reached XP level 1. HP: 13/13 MP: 3/3
    31 | D:1      | Reached skill level 5 in Ice Magic
    69 | D:1      | Reached XP level 2. HP: 12/19 MP: 3/5
   393 | D:3      | Reached XP level 3. HP: 24/24 MP: 3/6
   395 | D:3      | Noticed a kobold brigand
   399 | D:3      | Noticed Sigmund
   405 | D:3      | Slain by a kobold brigand

Illustrated notes

Levels and vault maps discovered:
D:1:      dpeg_arrival_shrine, layout_loops_corners,
          hellmonk_ecumenical_altar_crossroads, minivault_11, minmay_cut_off
D:2:      layout_loops_ring
D:3:      layout_loops_ring, mainiacjoe_overflow_paths, minmay_unequal,
          uniq_jessica, uniq_sigmund

Skill      XL: |  1 |
---------------+----+-----
Ice Magic      | 5 |  5.9
Dodging        | |  2.1
Stealth        | |  1.7
Spellcasting   | |  2.1

Action                   || total
-------------------------++-------
Melee: War axe           ||    32
 Cast: Freeze            ||    13
 Stab: Sleeping          ||     1
Armor: Robe              ||     6
Dodge: Dodged            ||    46
